 Dungeon Crawl Stone Soup version 0.30.0-5-g1a98f26d00 (webtiles) character file.

Game seed: 5539322042066136596

5359 retardedninja the Cleaver (level 10, -2/81 HPs)
             Began as a Minotaur Fighter on May 10, 2023.
             Was a Follower of Hepliaklqana.
             Slain by an unseen horror simulacrum (14 damage)
             ... on level 9 of the Dungeon.
             The game lasted 00:15:06 (11920 turns).

retardedninja the Cleaver (Minotaur Fighter)       Turns: 11920, Time: 00:15:07

Health: -2/81      AC: 10    Str: 25    XL:     10   Next: 39%
Magic:  0/9        EV:  9    Int:  5    God:    Hepliaklqana [*.....]
Gold:   466        SH:  6    Dex: 16    Spells: 9/9 levels left

rFire   + . .        a - +0 war axe
rCold   . . .        c - +0 buckler
rNeg    . . .        b - +0 scale mail
rPois   .            (helmet restricted)
rElec   .            (no cloak)
rCorr   .            (no gloves)
SInv    .            F - +1 pair of boots
Will    .....        i - amulet of guardian spirit Stlth
                     h - ring of protection from fire
HPRegen 0.33/turn    C - +6 ring of dexterity
MPRegen 0.11/turn

%: guardian spirit
@: about to teleport
A: reduced essence, horns 2, retaliatory headbutt
a: Renounce Religion, Recall Ancestor, Ancestor Identity


You were on level 9 of the Dungeon.
You worshipped Hepliaklqana.
Hepliaklqana was aware of your devotion.
You visited 2 branches of the dungeon, and saw 10 of its levels.

You collected 466 gold pieces.

Inventory:

Hand Weapons
 a - a +0 war axe (weapon)
Armour
 b - a +0 scale mail (worn)
 c - a +0 buckler (worn)
 F - a +1 pair of boots (worn)
Jewellery
 h - a ring of protection from fire (left hand)
 i - an amulet of guardian spirit (around neck)
 v - a ring of see invisible
 C - a +6 ring of dexterity (right hand)
Wands
 A - a wand of polymorph (3)
 E - a wand of flame (9)
Scrolls
 j - a scroll of teleportation
 o - a scroll of vulnerability
 q - 2 scrolls of amnesia
 s - a scroll of fear
 t - a scroll of magic mapping
 D - a scroll of silence
Potions
 e - a potion of haste {unknown}
 f - a potion of lignification
 k - 2 potions of flight
 m - a potion of berserk rage
 n - 2 potions of degeneration
 p - 2 potions of curing
 r - a potion of cancellation
 u - a potion of mutation {unknown}
 G - a potion of magic {unknown}
 H - a potion of resistance {unknown}
 I - a potion of invisibility {unknown}


   Skills:
 + Level 9.1 Fighting
 * Level 12.0 Axes
 + Level 9.1 Armour
 + Level 9.1 Shields


You had 9 spell levels left.
You didn't know any spells.
Your spell library contained the following spells:

 Spells                   Type           Power      Damage    Failure   Level
 Kiss of Death            Conj/Necr      0%         2d5       77%         1
 Static Discharge         Conj/Air       0%         2-2/arc   88%         2
 Confusing Touch          Hex            0%         N/A       98%         3
 Mephitic Cloud           Conj/Pois/Air  0%         N/A       98%         3
 Airstrike                Air            0%         2d(0-16)  100%        4
 Dispel Undead            Necr           0%         3d6       100%        4
 Summon Lightning Spire   Summ/Air       0%         N/A       100%        4
 Blade Hands              Tmut           0%         N/A       100%        5
 Freezing Cloud           Conj/Ice/Air   0%         6-21      100%        5
 Irradiate                Conj/Tmut      0%         3d11      100%        5
 Dragon Form              Tmut           0%         N/A       100%        7


Dungeon Overview and Level Annotations

Branches:
Dungeon (9/15)             Temple (1/1) D:6
   Lair: D:8-11         Orc: D:9-12

Altars:
Ashenzari
Cheibriados
Dithmenos
Elyvilon
Gozag
Hepliaklqana
Kikubaaqudgha
Makhleb
Nemelex Xobeh
Okawaru
Qazlal
Sif Muna
Trog
Uskayaw
Vehumet
Wu Jian
Xom
Yredelemnul
Zin
The Shining One

Annotations:
D:7 2 transporters, Esekla's ghost, novice OpNe


Innate Abilities, Weirdness & Mutations

Your life essence is reduced to manifest your ancestor. (-10% HP)
You have a pair of horns on your head.
You reflexively headbutt those who attack you in melee.


Message History

The puff of flame hits the unseen horror simulacrum!
The unseen horror simulacrum melts!
The unseen horror simulacrum is moderately damaged.
The unseen horror simulacrum hits you.
The unseen horror simulacrum freezes you!
The unseen horror simulacrum hits you.
The unseen horror simulacrum freezes you!
* * * LOW HITPOINT WARNING * * *
You block the unseen horror simulacrum's attack.
The kobold brigand throws a poisoned dart.
The poisoned dart closely misses Paullus.
The poisoned dart hits you!
You are poisoned.
Paullus hits the kobold brigand.
As you read the scroll of teleportation, it crumbles to dust.
You feel strangely unstable.
You feel sick.
You block the unseen horror simulacrum's attack.
The unseen horror simulacrum hits you.
* * * LOW HITPOINT WARNING * * *
The unseen horror simulacrum freezes you!
* * * LOW HITPOINT WARNING * * *
Something hits Paullus.
The kobold brigand throws a poisoned dart.
The poisoned dart hits Paullus!
Paullus hits the kobold brigand.
The unseen horror simulacrum barely misses you.
You furiously retaliate!
You headbutt the unseen horror simulacrum.
You feel better.
The unseen horror simulacrum barely misses you.
The unseen horror simulacrum hits you but does no damage.
Something hits Paullus.
The kobold brigand throws a poisoned dart.
The poisoned dart hits Paullus!
You block the unseen horror simulacrum's attack.
The unseen horror simulacrum attacks as you move away!
You block the unseen horror simulacrum's attack.
The unseen horror simulacrum hits you.
* * * LOW HITPOINT WARNING * * *
The unseen horror simulacrum freezes you!
You die...

#.#####.###..#....#
#............#.####
#######.###.##.##
#.# #.....# #.#
####..# #.# #.....#
#.###.#.#.#######
#.....>.........#
#####.#.#@####..#
#...)Z# ###R#)#
...K))# ###K#...#
#K#...# #......
#.....## .....##


You could see the friendly Paullus the ancestor, an unseen horror simulacrum
(ally target) and a kobold.

Vanquished Creatures
  An unseen horror (D:8)
  An unseen horror zombie (D:8)
  Prince Ribbit (D:8)
  11 yaks
  Eustachio (D:4)
  Grum (D:7)
  A steam dragon (D:7)
  Menkaure (D:5)
  An acid dragon (D:8)
  A hornet zombie (D:8)
  2 sky beasts (D:6)
  3 ogres
  2 centaurs
  4 wolves
  A bullfrog (D:8)
  A gnoll sergeant (D:6)
  2 scorpions
  4 wights (D:8)
  A jelly (D:6)
  A centaur zombie (D:8)
  2 hounds (D:5)
  4 orc priests
  A sleepcap (D:7)
  Ijyb (D:5)
  6 iguanas
  2 orc wizards (D:5)
  2 killer bee zombies (D:8)
  Robin (D:2)
  14 gnolls
  3 adders
  4 white imps
  An ufetubus (D:6)
  3 worms (D:2)
  2 dart slugs
  24 orcs
  4 bats
  2 endoplasms (D:1)
  3 giant cockroaches
  14 goblins
  6 hobgoblins
  4 jackals
  4 kobolds
  6 ball pythons
  4 frilled lizards
  6 rats
164 creatures vanquished.

Vanquished Creatures (collateral kills)
  A kobold (D:9)
1 creature vanquished.

Vanquished Creatures (others)
  A yak (D:8)
  An ice beast (D:9)
  An orc wizard (D:8)
  An orc (D:5)
4 creatures vanquished.

Grand Total: 169 creatures vanquished

Notes
Turn   | Place    | Note
-------+----------+-------------------------------------------
     0 | D:1      | retardedninja the Minotaur Fighter began the quest for the
                  | Orb.
     0 | D:1      | Reached XP level 1. HP: 19/19 MP: 0/0
   126 | D:1      | Reached XP level 2. HP: 23/27 MP: 1/1
   329 | D:1      | Found a faded altar of an unknown god.
   337 | D:1      | Reached skill level 3 in Axes
   999 | D:2      | Reached XP level 3. HP: 33/33 MP: 2/2
  1240 | D:2      | Noticed Robin
  1249 | D:2      | Reached XP level 4. HP: 39/40 MP: 3/3
  1254 | D:2      | Killed Robin
  2004 | D:3      | Reached skill level 4 in Axes
  2818 | D:4      | Noticed an ogre
  2827 | D:4      | HP: 2/41 [ogre/+0 giant spiked club (16)]
  2828 | D:4      | Killed an ogre
  2829 | D:4      | Reached XP level 5. HP: 2/47 MP: 0/4
  3021 | D:4      | Noticed Eustachio
  3037 | D:4      | Killed Eustachio
  3038 | D:4      | Reached skill level 5 in Fighting
  3038 | D:4      | Reached skill level 5 in Axes
  3038 | D:4      | Reached skill level 5 in Armour
  3038 | D:4      | Reached skill level 5 in Shields
  3038 | D:4      | Reached XP level 6. HP: 38/56 MP: 2/5
  3187 | D:4      | Reached skill level 6 in Axes
  3698 | D:4      | Reached XP level 7. HP: 42/61 MP: 3/6
  4213 | D:5      | Entered Level 5 of the Dungeon
  4284 | D:5      | Noticed Menkaure
  4291 | D:5      | Killed Menkaure
  4552 | D:5      | Noticed Ijyb
  4574 | D:5      | Killed Ijyb
  4724 | D:5      | Reached skill level 7 in Axes
  6143 | D:6      | Reached XP level 8. HP: 70/70 MP: 7/7
  6270 | D:6      | Reached skill level 8 in Axes
  6492 | D:6      | Found a snail-covered altar of Cheibriados.
  6517 | D:6      | Found a shadowy altar of Dithmenos.
  6552 | D:6      | Identified the +3 whip "Spiderbane" {vamp, Str+4 SInv}
  6771 | D:6      | Found a staircase to the Ecumenical Temple.
  6831 | Temple   | Entered the Ecumenical Temple
  6921 | Temple   | Became a worshipper of Hepliaklqana the Forgotten
  7220 | D:7      | Identified the +0 leather armour "Eguqibaj" {rPois Stlth+}
  7384 | D:7      | Found a transporter.
  7397 | D:7      | Noticed Esekla's ghost (novice OpNe)
  7403 | D:7      | Found a transporter.
  7982 | D:8      | Noticed Grum
  7992 | D:8      | Reached skill level 9 in Axes
  8150 | D:7      | Reached XP level 9. HP: 22/79 MP: 2/8
  8451 | D:8      | Noticed Prince Ribbit
  8566 | D:7      | Killed Grum
  9197 | D:8      | Reached skill level 10 in Axes
 10153 | D:8      | Reached skill level 11 in Axes
 10178 | D:8      | Killed an unseen horror
 10180 | D:8      | Reached XP level 10. HP: 31/90 MP: 2/9
 10400 | D:8      | Killed Prince Ribbit
 10805 | D:8      | Got the Octavo of the Shocking Fair Folk
 11854 | D:9      | Reached * piety under Hepliaklqana
 11916 | D:9      | Reached skill level 12 in Axes
 11920 | D:9      | Slain by an unseen horror simulacrum

Illustrated notes

Levels and vault maps discovered:
D:1:      psy_arrival_fountain, layout_basic, chequers_ecumenical_altar_simple,
          fountainhead, hangedman_abyss_or_decor_lesser_grid
D:2:      layout_loops_ring, kennysheep_generic_room_16, uniq_robin
D:3:      layout_rooms
D:4:      layout_basic, uniq_eustachio
D:5:      layout_basic, uniq_ijyb, uniq_menkaure
D:6:      layout_gridville, mainiacjoe_overflow_large_starburst,
          minmay_temple_entry_nine_rooms
D:7:      layout_basic, gammafunk_ghost_arena
D:8:      layout_rooms, serial_undead, serial_undead_a, serial_undead_a,
          serial_undead_a, serial_undead_f, kennysheep_generic_room_15,
          uniq_prince_ribbit1, uniq_grum
D:9:      lemuel_ice_statue, layout_loops_ring, serial_ice, serial_ice_o,
          serial_ice_n, serial_ice_a, serial_ice_i, serial_ice_f, serial_ice_m
Temple:   compressed_dpeg_circular_temple

Skill      XL: |  1  2  3  4  5  6  7  8  9 10 |
---------------+-------------------------------+-----
Axes           | 3 4 5 6 7 9 11 12 | 12.0
Shields        | 4 5 6 7 8 9 |  9.1
Armour         | 4 5 6 7 8 9 |  9.1
Fighting       | 4 5 6 7 8 9 |  9.1

Action                     |  1- 3 |  4- 6 |  7- 9 | 10-12 || total
---------------------------+-------+-------+-------+-------++-------
  Melee: War axe           |    71 |    60 |   255 |    63 ||   449
         Headbutt          |    14 |    10 |    38 |    14 ||    76
  Evoke: Wand              |       |       |    21 |     7 ||    28
    Use: Potion            |     1 |     2 |     4 |     1 ||     8
         Scroll            |       |     2 |    14 |     5 ||    21
 Armour: Scale mail        |    25 |    20 |   157 |    32 ||   234
  Dodge: Dodged            |    27 |    26 |   117 |    27 ||   197
  Block: Buckler           |    24 |    18 |    61 |    29 ||   132
